 Dungeon Crawl Stone Soup version 0.22-a0-512-g0943f25 (webtiles) character file.

1632 CougarLife the Grappler (level 8, 87/87 HPs)
             Began as a Troll Monk on June 18, 2018.
             Quit the game in the Ecumenical Temple.
             The game lasted 00:08:02 (5273 turns).

CougarLife the Grappler (Troll Monk)                Turns: 5273, Time: 00:08:03

Health: 87/87      AC:  5    Str: 23    XL:     8   Next: 66%
Magic:  7/7        EV: 11    Int:  8    God:
Gold:   335        SH:  3    Dex: 12    Spells: 7/7 levels left

rFire    + . .     SeeInvis .     - Unarmed
rCold    . . .     Gourm    +   (no shield)
rNeg     . . .     Faith    .   u - +0 robe of Sunlight {Str+3}
rPois    .         Spirit   .   (helmet restricted)
rElec    .         Reflect  +   (no cloak)
rCorr    +         Harm     .   (gloves unavailable)
MR       .....                  (boots unavailable)
Stlth    ++........             y - +3 amulet of reflection
HPRegen  0.64/turn              t - ring of protection from fire
MPRegen  0.10/turn              k - ring of resist corrosion

@: no status effects
A: large, unfitting armour, claws 3, fast metabolism 3, gourmand, regeneration
1, shaggy fur 1, tough skin 2
a: no special abilities


You were in the Ecumenical Temple.
You were very full.

You visited 2 branches of the dungeon, and saw 8 of its levels.
You also visited: Sewer.

You collected 335 gold pieces.

Inventory:

Missiles
 x - a throwing net (quivered)
Armour
 u - the +0 robe of Sunlight (worn) {Str+3}
   (You found it on level 4 of the Dungeon)

   It affects your strength (+3).
Jewellery
 k - a ring of resist corrosion (right claw)
 t - a ring of protection from fire (left claw)
 y - a +3 amulet of reflection (around neck)
Wands
 p - a wand of disintegration (28)
Scrolls
 a - 7 scrolls of teleportation {unknown}
 r - a scroll of immolation {unknown}
 s - a scroll of magic mapping {unknown}
 v - a scroll of blinking {unknown}
 w - a scroll of fog {unknown}
 z - a scroll of enchant armour {unknown}
 A - a scroll of vulnerability {unknown}
Potions
 e - a potion of agility {unknown}
 f - 4 potions of curing {unknown}
 g - 3 potions of flight {unknown}
 h - a potion of might {unknown}
 i - a potion of brilliance {unknown}
 j - a potion of heal wounds {unknown}
 l - 3 potions of lignification {unknown}
 m - a potion of cancellation {unknown}
 n - a potion of invisibility {unknown}
 o - a potion of magic {unknown}
 q - 2 potions of berserk rage {unknown}
 C - a potion of degeneration {unknown}
Comestibles
 b - 10 rations


   Skills:
 - Level 7.0 Fighting
 + Level 3.0 Dodging
 - Level 1.0 Stealth
 - Level 8.1 Unarmed Combat


You had 7 spell levels left.
You didn't know any spells.
Your spell library contained the following spells:

 Spells                   Type           Power        Failure   Level  Hunger
 Magic Dart               Conj           #...         41%         1    ##.....
 Conjure Flame            Conj/Fire      #.......     78%         3    ####...
 Slow                     Hex            #.......     54%         2    ###....
 Mephitic Cloud           Conj/Pois/Air  #.......     78%         3    ####...
 Blink                    Tloc           N/A          54%         2    ###....
 Call Imp                 Summ           #.......     54%         2    ###....


Dungeon Overview and Level Annotations

Branches:
Dungeon (7/15)             Temple (1/1) D:7

Altars:
Cheibriados
Dithmenos
Elyvilon
Fedhas
Gozag
Hepliaklqana
Kikubaaqudgha
Makhleb
Nemelex Xobeh
Qazlal
Ru
Sif Muna
Trog
Vehumet
Wu Jian
Xom
Yredelemnul
The Shining One

Shops:
D:5 [


Innate Abilities, Weirdness & Mutations

You are too large for most types of armour.
You have claws for hands.
Your metabolism is lightning-fast.
You like to eat raw meat.
Your natural rate of healing is unusually fast.
You are covered in fur. (AC +1)
You have very tough skin. (AC +2)


Message History

You open the door.
There is an open door here.
An adder comes into view.
An adder is nearby!
There is an open door here.
You open the door.
Found a staircase to the Ecumenical Temple.
There is an open door here.
There is a staircase to the Ecumenical Temple here.
You climb downwards.
Welcome to the Ecumenical Temple!
There is a staircase back to the Dungeon here.
Found a shadowy altar of Dithmenos and a blossoming altar of Fedhas.
Found two altars.
Found a shimmering altar of Xom.
Found a stormy altar of Qazlal and a basalt altar of Yredelemnul.
Found two altars.
There is a snail-covered altar of Cheibriados here.
Done exploring.
Done exploring.
Are you sure you want to abandon this character and quit the game? (Confirm with "yes".)

##.......## #..........#
######### ##........##
##......## #####.###
#### #######.......##
...#####..............##
##...#...###...........#
##.....## #...........#
##.....## #....@......#
#.......# #...........#
##.......####.........##
#.........####.......##
............###.....##
#####<####### #######
###


There were no monsters in sight!

Vanquished Creatures
  The ghost of garrulousMonolith the Digger, an amateur GrEE (D:4)
  An orc warrior (D:6)
  A phantom (D:4)
  A centaur (D:7)
  8 big kobolds (Sewer)
  Blork the orc (D:5)
  A bullfrog (D:7)
  A scorpion (D:5)
  A crimson imp (D:6)
  An orc priest (D:6)
  A hound (D:5)
  An iguana (D:5)
  An orc wizard (D:5)
  4 worker ants
  A howler monkey zombie (D:5)
  3 gnolls (D:4)
  9 adders
  A shadow imp (D:5)
  6 oozes
  An adder zombie (D:6)
  4 worms
  6 leopard geckos
  15 orcs
  8 giant cockroaches
  8 goblins
  6 hobgoblins
  11 jackals
  2 quokkas
  7 ball pythons
  10 bats
  7 frilled lizards
  11 kobolds
  A quokka skeleton (D:5)
  A quokka zombie (D:6)
  10 rats
152 creatures vanquished.

Vanquished Creatures (others)
  A withered plant (D:4)
1 creature vanquished.

Grand Total: 153 creatures vanquished

Notes
Turn   | Place    | Note
-------+----------+-------------------------------------------
     0 | D:1      | CougarLife the Troll Monk began the quest for the Orb.
     0 | D:1      | Reached XP level 1. HP: 22/22 MP: 0/0
   138 | D:1      | Reached XP level 2. HP: 29/29 MP: 1/1
   618 | D:2      | Found a glowing golden altar of the Shining One.
   654 | D:2      | Reached XP level 3. HP: 37/37 MP: 2/2
  1016 | D:2      | Reached XP level 4. HP: 43/45 MP: 3/3
  1017 | D:2      | Reached skill level 4 in Unarmed Combat
  2038 | D:4      | Found a radiant altar of Vehumet.
  2045 | D:4      | Reached XP level 5. HP: 41/53 MP: 4/4
  2051 | D:4      | Reached skill level 5 in Unarmed Combat
  2168 | D:4      | Noticed a phantom
  2169 | D:4      | Found an opulent altar of Gozag.
  2182 | D:4      | Found a hazy altar of Hepliaklqana.
  2199 | D:4      | Killed a phantom
  2214 | D:4      | Found a runed door.
  2214 | D:4      | Noticed garrulousMonolith's ghost (amateur GrEE)
  2223 | D:4      | Found a bloodstained altar of Trog.
  2234 | D:4      | Reached skill level 6 in Unarmed Combat
  2352 | D:4      | Got a steaming robe
  2354 | D:4      | Identified the cursed +0 robe of Sunlight {Str+3} (You found it on level 4 of the Dungeon)
  2608 | D:4      | Reached XP level 6. HP: 54/61 MP: 5/5
  2616 | D:4      | Found a deep blue altar of Sif Muna.
  2671 | D:4      | Killed garrulousMonolith's ghost
  2700 | D:5      | Entered Level 5 of the Dungeon
  2706 | D:5      | Found a sacrificial altar of Ru.
  2868 | D:5      | Found Dacod's Armour Emporium.
  2876 | D:5      | Reached skill level 7 in Unarmed Combat
  2953 | D:5      | Found a sparkling altar of Nemelex Xobeh.
  3013 | D:5      | Found a glowing drain.
  3029 | Sewer    | Entered a sewer
  3113 | Sewer    | Reached XP level 7. HP: 64/67 MP: 6/6
  3220 | Sewer    | Reached skill level 8 in Unarmed Combat
  3431 | Sewer    | Reached skill level 5 in Fighting
  3431 | Sewer    | Reached XP level 8. HP: 75/80 MP: 7/7
  3816 | D:5      | Noticed Blork the orc
  3828 | D:5      | Killed Blork the orc
  3921 | D:5      | Found a basalt altar of Yredelemnul.
  4251 | D:6      | Found a burning altar of Makhleb.
  5178 | D:7      | Found a staircase to the Ecumenical Temple.
  5183 | Temple   | Entered the Ecumenical Temple
  5273 | Temple   | Quit the game

Vault maps used:
D:1:      lemuel_arrival_funnel
D:2:      old_standard_altar
D:3:      first_ration, minmay_cupped
D:4:      vehumet_crystals, bloody_trog, led_sif_pool,
          grunt_temple_overflow_open, gammafunk_ghost_grave
D:5:      nicolae_overflow_crystal_walls, lemuel_doored_altar,
          portal_sewer_entry_f, basic_altar, serial_shops, shop,
          uniq_blork_the_orc
D:6:      bloody_makhleb
D:7:      evilmike_ruin_ashenzari, temple_doors_e
Temple:   kb_temple_of_zot
Sewer:    sewer_co_tree

Skill      XL: |  1  2  3  4  5  6  7  8 |
---------------+-------------------------+-----
Dodging        | 3 |  3.0
Fighting       | 3 5 7 |  7.0
Unarmed Combat | 4 6 7 8 |  8.1
Stealth        | |  1.0

Action                   |  1- 3 |  4- 6 |  7- 9 || total
-------------------------+-------+-------+-------++-------
Melee: Unarmed           |    94 |   174 |   149 ||   417
       Punch             |       |     2 |     6 ||     8
  Use: Scroll            |       |     6 |     3 ||     9
 Stab: Sleeping          |     4 |     2 |     2 ||     8
  Eat: Chunk             |    15 |    19 |    19 ||    53
Armor: Robe              |    31 |    35 |    40 ||   106
Dodge: Dodged            |    59 |    99 |    63 ||   221
Block: Other             |       |       |     6 ||     6

Table legend:
 A = Spawn XP
 B = Non-spawn XP
 C = Spawn XP percentage of total XP
 D = Spawn monster count
 E = Non-spawn monster count
 F = Spawn count percentage of total count
 G = Total turns spent on level
                    A         B        C        D         E        F      G
               +---------+---------+-------+---------+---------+-------+---------
         Total |       0 |    2332 |   0.0 |       0 |     152 |   0.0 |  5273
               +---------+---------+-------+---------+---------+-------+---------
           D:1 |       0 |      35 |   0.0 |       0 |      18 |   0.0 |   615
           D:2 |       0 |      82 |   0.0 |       0 |      29 |   0.0 |   699
           D:3 |       0 |      63 |   0.0 |       0 |      21 |   0.0 |   704
           D:4 |       0 |     364 |   0.0 |       0 |      10 |   0.0 |   682
           D:5 |       0 |     422 |   0.0 |       0 |      30 |   0.0 |   845
           D:6 |       0 |     297 |   0.0 |       0 |      14 |   0.0 |  1022
           D:7 |       0 |     197 |   0.0 |       0 |       2 |   0.0 |   107
         Sewer |       0 |     872 |   0.0 |       0 |      28 |   0.0 |   509
               +---------+---------+-------+---------+---------+-------+---------
